 Dungeon Crawl Stone Soup version 0.31.0-32-g396128a36d (webtiles) character file.

Game seed: 8747361802808996376

16 Lungfish the Ruffian (level 2, -5/24 HPs)
             Began as a Draconian Shapeshifter on Mar 26, 2024.
             Slain by a ribbon worm (6 damage)
             ... on level 2 of the Dungeon.
             The game lasted 00:01:30 (589 turns).

Lungfish the Ruffian (Draconian Shapeshifter)        Turns: 589, Time: 00:01:31

Health: -5/24      AC:  4    Str: 16    XL:     2   Next: 41%
Magic:  2/2        EV: 12    Int: 10    God:
Gold:   7          SH:  0    Dex: 10    Spells: 1/1 levels left

rFire   . .          .
                       - Unarmed
rCold   . . .        (no shield)
rNeg    . . .        (body armour unavailable)
rPois   .            (helmet currently unavailable)
rElec   .            (cloak currently unavailable)
rCorr   .            (gloves currently unavailable)
SInv    .            (boots currently unavailable)
Will    .....        (no amulet)
Stlth   +            (no ring)
HPRegen 0.24/turn    (no ring)
MPRegen 0.08/turn

%: no passive effects
@: beast-form
A: beast (slay +1), AC +4, unfitting armour, cold-blooded
a: Begin Untransformation


You were on level 2 of the Dungeon.
You were a hulking beast.
You visited 1 branch of the dungeon, and saw 2 of its levels.

You collected 7 gold pieces.

Inventory:

Armour
 f - a +0 pair of gloves
 g - a +0 cloak
Jewellery
 e - an amulet of magic regeneration
Talismans
 b - a beast talisman
 c - a flux talisman
Scrolls
 d - 2 scrolls of identify {unknown}
 h - a scroll of immolation
Potions
 a - a potion of lignification


   Skills:
 + Level 1.8 Fighting
 - Level 1.7 Dodging
 + Level 3.3 Unarmed Combat
 + Level 3.2 Shapeshifting


You had one spell level left.
You didn't know any spells.
Your spell library was empty.

Dungeon Overview and Level Annotations

Branches:
Dungeon (2/15)

Altars:


Innate Abilities, Weirdness & Mutations

You are a hulking beast.
Your limbs bulge with bestial killing power. (Slay +1)
Your plain brown scales are hard. (AC +4)
You cannot fit into any form of body armour.
You are cold-blooded and may be slowed by cold attacks.


Message History

You hit the endoplasm.
You kill the endoplasm!
No target in view!
No target in view!
Done exploring.
Done exploring.
There is a stone staircase leading down here.
You climb downwards.
There is a stone staircase leading up here.
A ribbon worm comes into view.
A goblin comes into view. It is wielding a +0 club.
The goblin shouts!
The goblin unwields a +0 club.
The goblin wields a +0 sling.
The goblin shoots a sling bullet.
The sling bullet hits you.
You hit the ribbon worm.
The ribbon worm is moderately wounded.
The ribbon worm bites you.
You punch the ribbon worm!
The ribbon worm is severely wounded.
The goblin shoots a sling bullet.
The sling bullet hits you.
The ribbon worm expels a string of sticky webbing.
The stream of webbing hits you but does no damage.
You are caught in a web!
You struggle to detach yourself from the web.
The goblin shoots a sling bullet.
The sling bullet hits you.
The web tears apart.
The goblin shoots a sling bullet.
The sling bullet hits you but does no damage.
The ribbon worm bites you.
You barely miss the ribbon worm.
The ribbon worm is heavily wounded.
The goblin shoots a sling bullet.
The sling bullet hits you.
* * * LOW HITPOINT WARNING * * *
The ribbon worm bites you.
* * * LOW HITPOINT WARNING * * *
You hit the ribbon worm.
The ribbon worm is severely wounded.
The goblin shoots a sling bullet.
The sling bullet hits you.
* * * LOW HITPOINT WARNING * * *
The ribbon worm bites you.
You die...

#.. ##
#.. ..
...
#g##.#
#....# #
#.#..#
#.#...w#
#.##.#h#
#......#
##.....##
#.......#
#.......#
#.......#
##.....##
##..<##
##.##


You could see a ribbon worm (catching breath) and a goblin.

Vanquished Creatures
  A dart slug (D:1)
  2 endoplasms (D:1)
  A giant cockroach (D:1)
  A hobgoblin (D:1)
  3 jackals (D:1)
  A kobold (D:1)
  A quokka (D:1)
  A bat (D:1)
  A goblin (D:1)
12 creatures vanquished.

Notes
Turn   | Place    | Note
-------+----------+-------------------------------------------
     0 | D:1      | Lungfish the Draconian Shapeshifter began the quest for the
                  | Orb.
     0 | D:1      | Reached XP level 1. HP: 16/16 MP: 1/1
   167 | D:1      | Reached XP level 2. HP: 19/23 MP: 2/2
   395 | D:1      | Found a faded altar of an unknown god.
   589 | D:2      | HP: 1/24 [goblin/sling bullet (3)]
   589 | D:2      | Slain by a ribbon worm

Illustrated notes

Levels and vault maps discovered:
D:1:      erik_arrival_triangle_small, layout_loops_cross,
          hellmonk_ecumenical_altar_blasted
D:2:      layout_loops_cross, uniq_robin

Action                     || total
---------------------------++-------
  Melee: Unarmed           ||    37
         Tailslap          ||     5
 Armour: Skin              ||    30
  Dodge: Dodged            ||    14
